 Dungeon Crawl Stone Soup version 0.30-a0-170-g85af917532 (webtiles) character file.

Game seed: 17969071099023418624

308 qw the Chopper (level 6, -3/37 HPs)
             Began as a Gargoyle Fighter on Sept 30, 2022.
             Slain by a lemure (6 damage)
             ... led by Pikel
             ... on level 4 of the Dungeon.
             The game lasted 00:01:25 (2941 turns).

qw the Chopper (Gargoyle Fighter)                   Turns: 2941, Time: 00:01:25

Health: -3/37      AC: 15    Str: 22    XL:     6   Next: 40%
Magic:  6/6        EV:  6    Int:  8    God:
Gold:   164        SH:  8    Dex:  9    Spells: 5/5 levels left

rFire   . . .      SeeInvis +    Y - +0 war axe
rCold   . . .      Faith    .    e - +0 kite shield
rNeg    + . .      Spirit   .    k - +0 chain mail
rPois   inf        Reflect  .    (no helmet)
rElec   +          Harm     .    (no cloak)
rCorr   .          Rampage  .    (no gloves)
Will    .....                    (no boots)
Stlth   ..........               (no amulet)
HPRegen 0.12/turn                (no ring)
MPRegen 0.10/turn                (no ring)

@: flying
A: sickness immunity, AC +4, negative energy resistance 1, electricity
resistance, torment resistance 1, petrification resistance, big wings,
iridescent scales 1, see invisible
a: no special abilities


You were on level 4 of the Dungeon.
You visited 2 branches of the dungeon, and saw 5 of its levels.

You collected 164 gold pieces.


Innate Abilities, Weirdness & Mutations

You are immune to sickness and miasma.
Your stone body is resilient. (AC +4)
You are immune to poison.
You resist negative energy. (rN+)
You are resistant to electric shocks. (rElec)
You are resistant to unholy torment.
You are immune to petrification.
Your large and strong wings let you fly.
You are partially covered in iridescent scales. (AC +2)
You have supernaturally acute eyesight. (SInv)


   Skills:
 - Level 3.3 Fighting
 - Level 5.1 Axes
 - Level 3.2 Armour
 + Level 4.9 Shields


You had 5 spell levels left.
You didn't know any spells.
Your spell library was empty.

Inventory:

Hand Weapons
 l - a +0 flail
 Y - a +0 war axe (weapon)
Armour
 c - a +0 cloak
 e - a +0 kite shield (worn)
 k - a +0 chain mail (worn)
Scrolls
 g - a scroll of amnesia {unknown}
Potions
 a - a potion of heal wounds {unknown}
 b - a potion of degeneration {unknown}
 d - 2 potions of might
 f - a potion of brilliance {unknown}
 h - a potion of haste
 i - a potion of mutation
 j - 2 potions of lignification

Dungeon Overview and Level Annotations

Branches:
Dungeon (4/15)             Temple (1/1) D:4

Altars:
Ashenzari
Cheibriados
Elyvilon
Fedhas
Gozag
Hepliaklqana
Makhleb
Nemelex Xobeh
Qazlal
Ru
Sif Muna
Trog
Uskayaw
Vehumet
Wu Jian
Xom
Yredelemnul
Zin
The Shining One

Annotations:
D:4 Pikel


Message History

The lemure hits you but does no damage. The lemure hits you.
You barely miss Pikel.
Pikel is severely wounded.
You completely miss the lemure. You miss the lemure.
You barely miss the lemure. The lemure hits you but does no damage.
You block Pikel's attack. You block the lemure's attack.
The lemure hits you but does no damage.
You hit Pikel.
Pikel is almost dead.
You miss the lemure. You barely miss the lemure.
You completely miss the lemure. The lemure hits you but does no damage.
Pikel hits you with a +1 whip of electrocution.
The lemure barely misses you. You block the lemure's attack.
The lemure barely misses you.
Pikel hits you with a +1 whip of electrocution.
The lemure hits you but does no damage. x2
You hit Pikel but do no damage.
Pikel is almost dead.
You miss the lemure. You closely miss the lemure. x2
The lemure hits you but does no damage. x2; You block Pikel's attack.
You block the lemure's attack.
You hit Pikel.
Pikel is almost dead.
You hit the lemure but do no damage. You slash the lemure! x2
The lemure hits you but does no damage. Pikel hits you but does no damage.
You block the lemure's attack. x2
You hit Pikel.
Pikel is almost dead.
You hit the lemure. x2
You kill the lemure!
That felt strangely unrewarding.
You closely miss the lemure. The lemure hits you but does no damage.
Pikel hits you but does no damage.
The lemure hits you but does no damage. x2; Pikel completely misses you.
You block the lemure's attack. x2
You closely miss Pikel.
Pikel is almost dead.
You closely miss the lemure. You barely miss the lemure.
You hit the lemure but do no damage. You block the lemure's attack.
Pikel completely misses you. The lemure hits you but does no damage.
The lemure hits you.
You die...

#.##.~¤¤.¤...~
..#.#..~¤~~¤¤~~~ .
..#.#<.......... ..
..#.#.##.....¤.. #.
#.#.#+##..>..... #..
#.#.....######## ..
#.#.....#
.####.###.#.....#
.....gK@..#.....#
#.....555[.?....########
###.......#...........?.
####....#............<
####.#...........%.
..#.............
..##............ ...#
############ ##.


You could see Pikel, 3 lemures and a hobgoblin.

Vanquished Creatures
  An ogre (D:4)
  A lemure (D:4)
  A hound (D:4)
  3 orc wizards (D:3)
  3 adders
  14 orcs (D:3)
  6 bats
  3 endoplasms
  5 giant cockroaches
  2 goblins
  8 hobgoblins
  5 quokkas
  5 ball pythons
  11 frilled lizards
  8 kobolds
  6 rats
82 creatures vanquished.

Notes
Turn   | Place    | Note
-------+----------+-------------------------------------------
     0 | D:1      | qw the Gargoyle Fighter began the quest for the Orb.
     0 | D:1      | Reached XP level 1. HP: 14/14 MP: 1/1
     0 | D:1      | 0 ||| qw: Version: 0.2-a-12-gaebbb33
     0 | D:1      | 0 ||| qw: Game counter: 1465
     0 | D:1      | 0 ||| qw: Always use a shield: true
     0 | D:1      | 0 ||| qw: God list: Okawaru
     0 | D:1      | 0 ||| qw: Allow faded altars: false
     0 | D:1      | 0 ||| qw: Do Orc after D:15 true
     0 | D:1      | 0 ||| qw: Do second Lair branch before Depths: true
     0 | D:1      | 0 ||| qw: Lair rune preference: random
     0 | D:1      | 0 ||| qw: Plans: Normal, Zot:1-4, God:TSO, Crypt, Tomb,
                  | Pan, Slime:5, Hells, Abyss, Orb
     0 | D:1      | 0 ||| PLANNING D:1-11
    33 | D:1      | Found a faded altar of an unknown god.
    46 | D:1      | 46 ||| Stepping ~*~*~tactically~*~*~ (water).
    65 | D:1      | Reached skill level 2 in Axes
    88 | D:1      | 88 ||| Stepping ~*~*~tactically~*~*~ (stealth).
   104 | D:1      | 104 ||| Stepping ~*~*~tactically~*~*~ (stealth).
   105 | D:1      | 105 ||| Stepping ~*~*~tactically~*~*~ (stealth).
   296 | D:1      | Reached XP level 2. HP: 16/19 MP: 2/2
   471 | D:1      | 471 ||| Stepping ~*~*~tactically~*~*~ (stealth).
   545 | D:1      | Reached skill level 3 in Axes
   575 | D:1      | Reached XP level 3. HP: 23/23 MP: 3/3
   825 | D:1      | 825 ||| READING 2 scrolls labelled LIADUATUY.
   826 | D:1      | 826 ||| DROPPING scroll of vulnerability.
   949 | D:2      | 949 ||| Stepping ~*~*~tactically~*~*~ (stealth).
   951 | D:2      | 951 ||| Stepping ~*~*~tactically~*~*~ (stealth).
  1249 | D:2      | 1249 ||| READING scroll labelled INKULI SERAFRASIEPT.
  1250 | D:2      | 1250 ||| READING scroll labelled YKIREE LESAI.
  1251 | D:2      | 1251 ||| DRINKING 2 viscous emerald potions.
  1252 | D:2      | 1252 ||| DRINKING 2 cyan potions.
  1252 | D:2      | Gained mutation: You have hidden genetic potential. [potion
                  | of mutation]
  1252 | D:2      | Gained mutation: You have supernaturally acute eyesight.
                  | (SInv) [potion of mutation]
  1253 | D:2      | 1253 ||| DRINKING 2 murky golden potions.
  1370 | D:3      | Reached skill level 4 in Axes
  1370 | D:3      | Reached XP level 4. HP: 22/28 MP: 4/4
  1388 | D:3      | Gained mutation: Your large and strong wings let you fly.
                  | [hidden potential]
  1483 | D:3      | 1483 ||| Stepping ~*~*~tactically~*~*~ (stealth).
  1484 | D:3      | 1484 ||| Stepping ~*~*~tactically~*~*~ (stealth).
  1492 | D:3      | 1492 ||| Stepping ~*~*~tactically~*~*~ (stealth).
  1495 | D:3      | 1495 ||| Stepping ~*~*~tactically~*~*~ (stealth).
  1498 | D:3      | 1498 ||| Stepping ~*~*~tactically~*~*~ (stealth).
  1633 | D:3      | 1633 ||| DROPPING +0 whip.
  1707 | D:3      | 1707 ||| Stepping ~*~*~tactically~*~*~ (stealth).
  1759 | D:3      | 1759 ||| Stepping ~*~*~tactically~*~*~ (stealth).
  1762 | D:3      | 1762 ||| Stepping ~*~*~tactically~*~*~ (stealth).
  1774 | D:3      | 1774 ||| FLEEEEING.
  1775 | D:3      | 1775 ||| FLEEEEING.
  1776 | D:3      | 1776 ||| FLEEEEING.
  1777 | D:3      | 1777 ||| FLEEEEING.
  1779 | D:3      | 1779 ||| FLEEEEING.
  1780 | D:3      | 1780 ||| FLEEEEING.
  1781 | D:3      | 1781 ||| FLEEEEING.
  1782 | D:3      | 1782 ||| FLEEEEING.
  1787 | D:3      | 1787 ||| FLEEEEING.
  1788 | D:3      | 1788 ||| FLEEEEING.
  1789 | D:3      | 1789 ||| FLEEEEING.
  1790 | D:3      | 1790 ||| FLEEEEING.
  1791 | D:3      | 1791 ||| FLEEEEING.
  1792 | D:3      | 1792 ||| FLEEEEING.
  1793 | D:3      | 1793 ||| FLEEEEING.
  1797 | D:3      | 1797 ||| STAIRDANCE
  1819 | D:2      | 1819 ||| DROPPING +2 leather armour of fire resistance.
  1820 | D:2      | 1820 ||| UPGRADING to +0 chain mail.
  1830 | D:2      | 1830 ||| DROPPING +0 scale mail.
  1831 | D:2      | 1831 ||| READING 2 scrolls labelled CUMURO WAOPS.
  1832 | D:2      | 1832 ||| DROPPING scroll of fear.
  1847 | D:3      | 1847 ||| FLEEEEING.
  1848 | D:3      | 1848 ||| STAIRDANCE
  1970 | D:3      | Reached XP level 5. HP: 32/32 MP: 5/5
  1974 | D:3      | 1974 ||| Stepping ~*~*~tactically~*~*~ (stealth).
  1976 | D:3      | 1976 ||| Stepping ~*~*~tactically~*~*~ (hiding).
  2193 | D:3      | Gained mutation: You are partially covered in iridescent
                  | scales. (AC +2) [hidden potential]
  2193 | D:3      | Lost mutation: You have hidden genetic potential. [hidden
                  | potential expressed]
  2208 | D:3      | Reached skill level 5 in Axes
  2508 | D:3      | 2508 ||| UPGRADING to +0 kite shield.
  2518 | D:3      | 2518 ||| DROPPING +0 buckler.
  2519 | D:3      | 2519 ||| DRINKING 2 fuming inky potions.
  2520 | D:3      | 2520 ||| DROPPING potion of magic.
  2568 | D:4      | Found a glowing golden altar of the Shining One.
  2637 | D:4      | Found a bloodstained altar of Trog.
  2639 | D:4      | Noticed an ogre
  2640 | D:4      | 2640 ||| Stepping ~*~*~tactically~*~*~ (stealth).
  2650 | D:4      | Killed an ogre
  2651 | D:4      | Reached XP level 6. HP: 26/37 MP: 6/6
  2762 | D:4      | Found a staircase to the Ecumenical Temple.
  2763 | D:4      | 2763 ||| PLANNING TEMPLE
  2763 | D:4      | 2763 ||| READING scroll labelled AFIQUM XUAXZO.
  2772 | Temple   | Entered the Ecumenical Temple
  2772 | Temple   | Found a transporter.
  2772 | Temple   | Found a transporter.
  2774 | Temple   | Found a transporter.
  2774 | Temple   | Found a transporter.
  2784 | Temple   | 2784 ||| PLANNING D:1-11
  2920 | D:4      | Noticed Pikel
  2921 | D:4      | 2921 ||| Stepping ~*~*~tactically~*~*~ (stealth).
  2937 | D:4      | HP: 8/37 [Pikel/+1 whip of electrocution (3)]
  2937 | D:4      | HP: 2/37 [Pikel/+1 whip of electrocution (6)]
  2941 | D:4      | Slain by a lemure

Levels and vault maps discovered:
D:1:      co_arrival_square_in_a_square_in_a_square, layout_basic,
          hellmonk_ecumenical_altar_pennies_from_heaven, minmay_lizard_pond
D:2:      layout_rooms
D:3:      layout_loops_cross
D:4:      minmay_recursive_quarters, layout_basic,
          grunt_dithmenos_smoke_and_mirrors, mainiacjoe_overflow_catwalk_spiral,
          temple_hall, minmay_ogre_servants, uniq_pikel
Temple:   hellmonk_temple_divided_pantheon

Skill      XL: |  1  2  3  4  5 |
---------------+----------------+-----
Axes           | 2 3 4 5 |  5.1
Shields        | 4 |  4.9
Fighting       | |  3.3
Armour         | |  3.2

Action                   |  1- 3 |  4- 6 || total
-------------------------+-------+-------++-------
Melee: War axe           |   120 |   135 ||   255
Throw: Boomerang         |       |    30 ||    30
  Use: Scroll            |     3 |     2 ||     5
       Potion            |     3 |     1 ||     4
Armor: Scale mail        |    89 |    19 ||   108
       Chain mail        |       |    67 ||    67
Dodge: Dodged            |    88 |    52 ||   140
Block: Buckler           |    30 |    17 ||    47
       Kite shield       |       |    22 ||    22

Table legend:
 A = Non-vault XP
 B = Vault XP
 C = Vault XP percentage of total XP
 D = Non-vault monster count
 E = Vault monster count
 F = Vault count percentage of total count
                 A         B        C        D         E       F
            +---------+---------+-------+---------+---------+-------
      Total |     424 |      16 |   3.6 |      69 |      12 |  14.8
            +---------+---------+-------+---------+---------+-------
        D:1 |      26 |       8 |  23.5 |      18 |       8 |  30.8
        D:2 |      40 |       0 |   0.0 |      11 |       0 |   0.0
        D:3 |     181 |       0 |   0.0 |      34 |       0 |   0.0
        D:4 |     177 |       8 |   4.3 |       6 |       4 |  40.0
            +---------+---------+-------+---------+---------+-------
